 Dungeon Crawl Stone Soup version 0.17-a0-2027-gcac42c4 (webtiles) character file.

107 derrpe the Insei (level 4, -8/37 HPs)
             Began as a Merfolk Monk on Oct 11, 2015.
             Killed from afar by a white imp (15 damage)
             ... with a puff of frost
             ... summoned by Natasha
             ... on level 3 of the Dungeon.
             The game lasted 00:03:17 (2220 turns).

derrpe the Insei (Merfolk Monk)                     Turns: 2220, Time: 00:03:17

Health: -8/37      AC:  2    Str: 11    XL:     4   Next: 86%
Magic:  4/4        EV: 15    Int: 10    God:
Gold:   58         SH:  0    Dex: 16    Spells: 0 memorised, 3 levels left

rFire  . . .     SeeInvis .     d - +2 dagger (drain)
rCold  . . .     Clarity  .     a - +0 robe
rNeg   . . .     SustAt   .     (no shield)
rPois  .         Gourm    .     (no helmet)
rElec  .         Spirit   .     (no cloak)
rCorr  .         Warding  .     (no gloves)
rMut   .         Stasis   .     (no boots)
MR     .....                    (no amulet)
Stlth  ++........               (no ring)
                                (no ring)

@: slowed, very slow, not resistant to hostile enchantments, unstealthy
A: change form in water, swift swim
a: no special abilities


You were on level 3 of the Dungeon.
You were not hungry.

You visited 1 branch of the dungeon, and saw 3 of its levels.

You collected 58 gold pieces.

Inventory:

Hand Weapons
 d - a +2 dagger of draining (weapon)
Missiles
 f - 7 poisoned javelins
 j - 8 tomahawks
 l - 44 stones (quivered)
Armour
 a - a +0 robe (worn)
Scrolls
 c - 2 scrolls of enchant armour {unknown}
 e - 2 scrolls of amnesia {unknown}
 h - 3 scrolls of identify {unknown}
 k - a scroll of recharging {unknown}
 m - a scroll of teleportation {unknown}
Potions
 g - a potion of ambrosia {unknown}
 i - 2 potions of heal wounds {unknown}
Comestibles
 b - 4 bread rations {@e1}


   Skills:
 + Level 4.0 Fighting
 + Level 5.0 Dodging
 - Level 2.1 Stealth
 * Level 5.6 Unarmed Combat


You had 3 spell levels left.
You didn't know any spells.

Dungeon Overview and Level Annotations

Branches:
Dungeon (3/15)

Altars:

Annotations:
D:3 Natasha


Message History

The stone hits Natasha but does no damage.
Natasha is lightly wounded.
You hit Natasha. You drain Natasha!
Natasha is heavily wounded.
Natasha mumbles some strange words.
You hit Natasha. You drain Natasha!
Natasha is almost dead.
Natasha closely misses you.
You barely miss Natasha.
Natasha is almost dead.
The white imp gestures at you. The puff of frost hits you!
* * * LOW HITPOINT WARNING * * *
Natasha stares at you and mumbles some strange words.
You feel yourself slow down.
You barely miss Natasha.
Natasha is almost dead.
The white imp gestures at you. The puff of frost hits you!
You die...

..#.#...... ...#
....#.###### ...##(
#...#.### . ..(..(
......... . #<.?..
.##...### #. ##...(#
##....## ..##(##...((#
.......# .#....(55(..##
#.....## .......(h...(#
#.##############@...>##
#..#8###8###8###(....#
..............##....##
##............8#..###
##.........)..##>.#
###8###8###8###.##
################..#
#.................###
.....................#


You could see Natasha, a crimson imp and a white imp.

Vanquished Creatures
  Ijyb (D:3)
  An adder (D:2)
  An ooze (D:3)
  3 worms
  5 giant geckos
  3 giant cockroaches
  6 goblins
  4 hobgoblins
  7 bats
  4 giant newts
  10 kobolds
  5 rats
50 creatures vanquished.

Notes
Turn   | Place    | Note
--------------------------------------------------------------
     0 | D:1      | derrpe the Merfolk Monk began the quest for the Orb.
     0 | D:1      | Reached XP level 1. HP: 18/18 MP: 1/1
   217 | D:1      | Reached XP level 2. HP: 16/24 MP: 2/2
   914 | D:1      | Reached XP level 3. HP: 29/29 MP: 3/3
   926 | D:2      | Reached skill level 5 in Unarmed Combat
  1860 | D:2      | Reached XP level 4. HP: 37/37 MP: 4/4
  1946 | D:3      | Noticed Ijyb
  1958 | D:3      | Killed Ijyb
  2153 | D:3      | Reached skill level 5 in Dodging
  2207 | D:3      | Noticed Natasha
  2220 | D:3      | Killed from afar by a white imp

Vault maps used:
D:1:      dpeg_arrival_shrine, minmay_misc_feat_roman
D:2:      first_bread
D:3:      trog_eyes_of_draining, ecumenical_altar_2,
          corexii_hall_statues_deadend, uniq_jessica, uniq_natasha,
          uniq_terence, uniq_iyjb

Action                   |  1- 3 |  4- 6 || total
-------------------------+-------+-------++-------
Melee: Unarmed           |    47 |       ||    47
       Dagger            |    34 |    40 ||    74
Throw: Javelin           |    22 |       ||    22
       Stone             |    76 |    45 ||   121
 Stab: Sleeping          |     1 |       ||     1
  Eat: Chunk             |     3 |     1 ||     4
